[ AOE2 MATCH · #494773429 ]
UnrankedJapanese vs Koreans
Player's team · WIN
Rival team · LOSS
[ REPLAY ANALYSIS · EXTRACTED FROM THE RECORDED GAME ]
Feudal
8:50
Castle
24:17
Imperial
—
| APM avg | 58.4 |
| APM peak | 111 |
| eAPM avg | 22.7 |
| Villagers / military | 73 / 26 |
Focus
⚔️ 27.2% · 🌾 72.8%
Skirmisher ×9 · Archer ×8 · Militia ×5 · Knight ×4
Feudal
9:23
Castle
—
Imperial
—
| APM avg | 32.6 |
| APM peak | 57 |
| eAPM avg | 22.2 |
| Villagers / military | 75 / 25 |
Focus
⚔️ 36.8% · 🌾 63.2%
Archer ×14 · Skirmisher ×11
Match map
Initial resources + every placement click. Lines = walls · curves = elevation contours. ◆ gold · ⬟ stone · ● berries · ✦ relic · ◌ wall gap
Your base· Open — unwalled flank
lenko's base· Open — unwalled flank
Smoothed initial terrain · ◌ = detected wall gap · hover for details
Inputs per minute
— 酒后帝国 - - lenko
Build order — 酒后帝国
First 150 of 157 actions detected
| 0:00 | Create | Villager (Male) |
| 0:00 | Create | Villager (Male) |
| 0:01 | Create | Villager (Male) |
| 0:01 | Create | Villager (Male) |
| 0:02 | Build | House |
| 0:03 | Build | House |
| 1:29 | Create | Villager (Male) |
| 1:29 | Create | Villager (Male) |
| 2:00 | Create | Villager (Male) |
| 2:00 | Create | Villager (Male) |
| 2:17 | Create | Villager (Male) |
| 2:18 | Create | Villager (Male) |
| 2:31 | Build | Lumber Camp |
| 2:46 | Create | Villager (Male) |
| 2:46 | Create | Villager (Male) |
| 3:04 | Build | House |
| 3:13 | Create | Villager (Male) |
| 3:13 | Create | Villager (Male) |
| 3:43 | Create | Villager (Male) |
| 3:43 | Create | Villager (Male) |
| 3:43 | Create | Villager (Male) |
| 4:00 | Create | Villager (Male) |
| 4:00 | Create | Villager (Male) |
| 4:00 | Create | Villager (Male) |
| 4:18 | Create | Villager (Male) |
| 4:18 | Create | Villager (Male) |
| 4:52 | Create | Villager (Male) |
| 4:53 | Create | Villager (Male) |
| 5:12 | Create | Villager (Male) |
| 5:12 | Create | Villager (Male) |
| 5:12 | Create | Villager (Male) |
| 5:23 | Build | Mining Camp |
| 5:32 | Build | House |
| 5:44 | Research | Loom |
| 5:44 | Research | Loom |
| 6:05 | Build | Palisade Wall |
| 6:29 | Research | Feudal Age |
| 6:30 | Research | Feudal Age |
| 7:15 | Build | Mill |
| 7:27 | Build | Barracks |
| 7:58 | Create | Villager (Male) |
| 8:17 | Create | Villager (Male) |
| 8:20 | Create | Militia ×2 |
| 8:20 | Create | Militia ×2 |
| 8:50 | Age | Feudal Age |
| 8:54 | Build | Watch Tower |
| 8:56 | Research | Man-at-Arms (upgrade) |
| 9:03 | Create | Villager (Male) |
| 9:19 | Research | Double-Bit Axe |
| 9:19 | Research | Double-Bit Axe |
| 9:38 | Create | Militia |
| 9:55 | Build | Archery Range |
| 10:01 | Create | Villager (Male) |
| 10:01 | Create | Villager (Male) |
| 10:01 | Create | Villager (Male) |
| 10:29 | Create | Skirmisher |
| 10:29 | Create | Skirmisher |
| 10:32 | Build | House |
| 10:35 | Build | House |
| 10:56 | Create | Villager (Male) |
| 10:57 | Create | Villager (Male) |
| 10:57 | Create | Villager (Male) |
| 11:27 | Create | Villager (Male) |
| 11:27 | Create | Villager (Male) |
| 11:27 | Create | Villager (Male) |
| 11:31 | Build | Blacksmith |
| 11:48 | Create | Skirmisher |
| 11:48 | Create | Skirmisher |
| 11:59 | Build | Mining Camp |
| 12:06 | Create | Villager (Male) |
| 12:06 | Create | Villager (Male) |
| 12:29 | Build | Farm |
| 12:31 | Build | Farm |
| 12:42 | Create | Villager (Male) |
| 12:43 | Create | Villager (Male) |
| 12:43 | Create | Villager (Male) |
| 12:46 | Build | Farm |
| 13:14 | Create | Villager (Male) |
| 13:42 | Build | Watch Tower |
| 13:53 | Build | Farm |
| 14:15 | Research | Fletching |
| 14:16 | Research | Fletching |
| 14:18 | Create | Archer |
| 14:18 | Create | Archer |
| 14:26 | Create | Villager (Male) |
| 14:26 | Create | Villager (Male) |
| 14:27 | Create | Villager (Male) |
| 14:30 | Build | House |
| 14:31 | Build | House |
| 14:58 | Create | Villager (Male) |
| 15:01 | Create | Archer |
| 15:02 | Create | Skirmisher |
| 15:02 | Create | Skirmisher |
| 15:02 | Create | Skirmisher |
| 16:09 | Create | Villager (Male) |
| 16:09 | Create | Villager (Male) |
| 16:09 | Create | Villager (Male) |
| 16:10 | Create | Villager (Male) |
| 16:11 | Build | Farm |
| 16:11 | Build | Farm |
| 16:14 | Build | House |
| 16:35 | Create | Villager (Male) |
| 16:35 | Create | Villager (Male) |
| 16:35 | Create | Villager (Male) |
| 16:54 | Create | Archer |
| 17:01 | Create | Villager (Male) |
| 17:01 | Create | Villager (Male) |
| 17:02 | Create | Villager (Male) |
| 17:08 | Research | Horse Collar |
| 17:08 | Research | Horse Collar |
| 17:17 | Create | Skirmisher |
| 17:21 | Create | Villager (Male) |
| 17:21 | Create | Villager (Male) |
| 17:21 | Create | Villager (Male) |
| 17:21 | Create | Villager (Male) |
| 17:27 | Create | Villager (Male) |
| 17:27 | Create | Villager (Male) |
| 17:27 | Create | Villager (Male) |
| 17:30 | Build | Farm |
| 17:31 | Build | Farm |
| 17:31 | Build | Farm |
| 17:33 | Build | Farm |
| 17:33 | Build | Farm |
| 17:43 | Create | Skirmisher |
| 18:08 | Create | Villager (Male) |
| 18:08 | Create | Villager (Male) |
| 18:12 | Build | Farm |
| 18:15 | Build | Farm |
| 18:22 | Build | Watch Tower |
| 18:40 | Create | Villager (Male) |
| 18:41 | Build | Farm |
| 19:05 | Create | Archer |
| 19:05 | Create | Archer |
| 19:05 | Create | Archer |
| 19:18 | Create | Villager (Male) |
| 19:27 | Create | Villager (Male) |
| 19:30 | Build | Lumber Camp |
| 19:32 | Build | Farm |
| 20:17 | Create | Villager (Male) |
| 20:22 | Build | Market |
| 20:49 | Create | Archer |
| 21:04 | Create | Villager (Male) |
| 21:37 | Research | Castle Age |
| 21:37 | Research | Castle Age |
| 21:53 | Build | Stable |
| 22:33 | Build | Stable |
| 22:38 | Research | Scale Barding Armor |
| 22:55 | Research | Bloodlines |
| 22:56 | Research | Bloodlines |
| 23:14 | Build | Palisade Wall |
Build order — lenko
First 150 of 157 actions detected
| 0:01 | Create | Villager (Male) |
| 0:02 | Build | House |
| 0:04 | Build | House |
| 0:11 | Create | Villager (Male) ×3 |
| 1:24 | Create | Villager (Male) |
| 1:24 | Create | Villager (Male) |
| 1:54 | Build | Lumber Camp |
| 1:58 | Create | Villager (Male) |
| 2:19 | Create | Villager (Male) |
| 2:41 | Build | House |
| 2:46 | Create | Villager (Male) |
| 3:05 | Create | Villager (Male) |
| 3:35 | Create | Villager (Male) |
| 3:58 | Build | Palisade Wall |
| 4:01 | Build | Palisade Wall |
| 4:12 | Create | Villager (Male) |
| 4:13 | Create | Villager (Male) |
| 4:13 | Create | Villager (Male) |
| 4:35 | Create | Villager (Male) |
| 4:36 | Create | Villager (Male) |
| 5:05 | Create | Villager (Male) |
| 5:21 | Create | Villager (Male) |
| 5:21 | Create | Villager (Male) |
| 5:21 | Create | Villager (Male) |
| 5:23 | Build | Mill |
| 5:36 | Build | House |
| 5:39 | Build | Palisade Wall |
| 5:50 | Research | Loom |
| 6:07 | Build | Palisade Wall |
| 7:13 | Research | Feudal Age |
| 7:20 | Build | House |
| 7:22 | Build | Palisade Wall |
| 8:02 | Build | Barracks |
| 8:26 | Build | Palisade Wall |
| 8:32 | Create | Villager (Male) |
| 8:49 | Create | Villager (Male) |
| 9:02 | Build | Mining Camp |
| 9:17 | Build | Palisade Wall |
| 9:23 | Age | Feudal Age |
| 9:34 | Research | Double-Bit Axe |
| 9:42 | Build | Watch Tower |
| 9:54 | Build | Blacksmith |
| 10:12 | Create | Villager (Male) |
| 10:13 | Create | Villager (Male) |
| 10:33 | Create | Villager (Male) |
| 10:33 | Create | Villager (Male) |
| 10:43 | Build | Archery Range |
| 11:07 | Create | Villager (Male) |
| 11:07 | Create | Villager (Male) |
| 11:26 | Create | Villager (Male) |
| 11:26 | Create | Villager (Male) |
| 11:45 | Build | House |
| 11:46 | Build | House |
| 11:47 | Create | Archer |
| 11:47 | Create | Archer |
| 12:06 | Build | Watch Tower |
| 12:13 | Create | Villager (Male) |
| 12:13 | Create | Villager (Male) |
| 12:20 | Build | Watch Tower |
| 12:22 | Build | Mining Camp |
| 12:41 | Build | House |
| 12:41 | Build | House |
| 12:42 | Build | House |
| 12:43 | Create | Villager (Male) |
| 12:43 | Create | Villager (Male) |
| 13:05 | Create | Skirmisher |
| 13:05 | Create | Skirmisher |
| 13:11 | Create | Skirmisher |
| 13:30 | Create | Villager (Male) |
| 13:30 | Create | Villager (Male) |
| 13:31 | Build | Watch Tower |
| 13:46 | Build | Farm |
| 13:46 | Build | Farm |
| 13:53 | Create | Villager (Male) |
| 13:54 | Create | Villager (Male) |
| 14:15 | Create | Villager (Male) |
| 14:21 | Build | House |
| 14:23 | Create | Villager (Male) |
| 14:30 | Build | Palisade Wall |
| 14:40 | Build | Farm |
| 14:46 | Create | Skirmisher |
| 15:41 | Create | Villager (Male) |
| 15:41 | Create | Villager (Male) |
| 15:41 | Create | Villager (Male) |
| 16:02 | Create | Villager (Male) |
| 16:03 | Create | Villager (Male) |
| 16:05 | Create | Skirmisher |
| 16:05 | Create | Skirmisher |
| 16:27 | Build | Farm |
| 16:28 | Build | Farm |
| 16:32 | Create | Villager (Male) |
| 16:32 | Create | Villager (Male) |
| 16:57 | Create | Skirmisher |
| 16:57 | Create | Skirmisher |
| 17:18 | Create | Villager (Male) |
| 17:18 | Create | Villager (Male) |
| 17:20 | Build | Farm |
| 17:21 | Build | Farm |
| 17:44 | Create | Skirmisher |
| 17:44 | Create | Skirmisher |
| 17:45 | Create | Skirmisher |
| 18:08 | Build | Farm |
| 18:08 | Create | Villager (Male) |
| 18:09 | Create | Villager (Male) |
| 18:16 | Build | House |
| 18:35 | Build | Watch Tower |
| 18:49 | Create | Villager (Male) |
| 19:03 | Create | Villager (Male) |
| 19:04 | Create | Villager (Male) |
| 19:13 | Create | Archer |
| 19:13 | Create | Archer |
| 19:13 | Create | Archer |
| 19:14 | Create | Archer |
| 19:32 | Build | Farm |
| 19:47 | Create | Villager (Male) |
| 19:47 | Create | Villager (Male) |
| 19:53 | Build | House |
| 19:54 | Build | Palisade Wall |
| 20:07 | Create | Archer |
| 20:11 | Create | Villager (Male) |
| 20:12 | Create | Villager (Male) |
| 20:27 | Create | Villager (Male) |
| 20:27 | Create | Villager (Male) |
| 20:43 | Create | Villager (Male) |
| 20:51 | Build | Farm |
| 21:09 | Create | Villager (Male) |
| 21:09 | Create | Villager (Male) |
| 21:14 | Build | Farm |
| 21:24 | Create | Archer |
| 21:30 | Create | Villager (Male) |
| 21:31 | Create | Villager (Male) |
| 21:36 | Build | Farm |
| 21:45 | Build | Market |
| 21:52 | Build | Watch Tower |
| 21:59 | Create | Archer |
| 21:59 | Create | Archer |
| 22:14 | Build | Watch Tower |
| 22:16 | Create | Villager (Male) |
| 22:17 | Create | Villager (Male) |
| 22:28 | Create | Archer |
| 22:29 | Create | Archer |
| 22:44 | Create | Villager (Male) |
| 22:45 | Create | Villager (Male) |
| 22:52 | Build | Farm |
| 22:52 | Build | Farm |
| 23:16 | Create | Villager (Male) |
| 23:18 | Build | Farm |
| 23:20 | Build | Farm |
| 23:30 | Create | Archer |
| 23:30 | Create | Archer |
Match timeline
| 3:58 | lenko · wall_segment Palisade Wall x1 |
| 4:01 | lenko · wall_segment Palisade Wall x8 |
| 5:39 | lenko · wall_segment Palisade Wall x2 |
| 6:05 | 酒后帝国 · wall_segment Palisade Wall x1 |
| 6:07 | lenko · wall_segment Palisade Wall x11 |
| 7:22 | lenko · wall_segment Palisade Wall x3 |
| 7:27 | 酒后帝国 · first_building Barracks |
| 8:02 | lenko · first_building Barracks |
| 8:26 | lenko · wall_segment Palisade Wall x6 |
| 8:50 | 酒后帝国 · age_up feudal |
| 9:17 | lenko · wall_segment Palisade Wall x6 |
| 9:23 | lenko · age_up feudal |
| 9:55 | 酒后帝国 · first_building Archery Range |
| 10:43 | lenko · first_building Archery Range |
| 14:30 | lenko · wall_segment Palisade Wall x1 |
| 19:54 | lenko · wall_segment Palisade Wall x1 |
| 21:20 | 酒后帝国 · first_market_buy 100 food |
| 21:53 | 酒后帝国 · first_building Stable |
| 23:14 | 酒后帝国 · wall_segment Palisade Wall x2 |
| 23:15 | 酒后帝国 · wall_segment Palisade Wall x2 |
| 23:53 | lenko · first_market_sell 100 stone |
| 23:55 | lenko · first_market_buy 100 food |
| 24:17 | 酒后帝国 · age_up castle |
| 24:25 | lenko · resign |
[ AI ANALYSIS · 1 CREDIT ]
What really happened in this match?
Wolo.gg analyzes every decision: build order, eco, micro, common mistakes by bracket. Personalized analysis on WhatsApp or Discord in 30 seconds.
Civ guide
Japanese
Perfil
新竹